 Dungeon Crawl Stone Soup version 0.25.1-2-g60ff931df9 (webtiles) character file.

Game seed: 1574334535627249860

2587 Revguard the Warmonger (level 9, -3/64 HPs)
             Began as a Demonspawn Artificer on Sept 23, 2020.
             Was an Elder of Okawaru.
             Slain by an orc warrior
             ... wielding a +0 halberd
              (22 damage)
             ... on level 8 of the Dungeon.
             The game lasted 00:34:35 (10544 turns).

Revguard the Warmonger (Demonspawn Artificer)      Turns: 10544, Time: 00:34:35

Health: -3/64      AC: 11    Str: 16    XL:     9   Next: 32%
Magic:  22/22      EV: 12    Int: 12    God:    Okawaru [****..]
Gold:   81         SH:  0    Dex: 14    Spells: 8/8 levels left

rFire    + . .     SeeInvis .   o - +1 long sword
rCold    . . .     Gourm    .   (no shield)
rNeg     . . .     Faith    .   s - +1 ring mail
rPois    .         Spirit   .   (no helmet)
rElec    .         Reflect  .   (no cloak)
rCorr    .         Harm     .   w - +0 pair of gloves
MR       +....                  n - +0 pair of boots
Stlth    +.........             (no amulet)
HPRegen  0.20/turn              g - ring of magical power
MPRegen  0.18/turn              A - ring of fire

@: studying Polearms
A: talons 1, slimy green scales 1, blink, cold resistance 1, magic resistance 1,
rot immunity
a: Blink, Heroism, Renounce Religion


You were on level 8 of the Dungeon.
You worshipped Okawaru.
Okawaru was greatly pleased with you.
You were not hungry.

You visited 1 branch of the dungeon, and saw 8 of its levels.

You collected 487 gold pieces.
You spent 406 gold pieces at shops.

Inventory:

Hand Weapons
 o - a +1 long sword (weapon)
Missiles
 a - 11 poisoned darts
 t - 13 boomerangs
 u - a datura-tipped dart (quivered)
 v - 7 atropa-tipped darts
Armour
 n - a +0 pair of boots (worn)
 s - a +1 ring mail (worn)
 w - a +0 pair of gloves (worn)
Jewellery
 g - a ring of magical power (left hand)
 q - an uncursed ring of ice
 A - a ring of fire (right hand)
Wands
 c - a wand of flame (1)
 d - a wand of enslavement (12)
 e - a wand of random effects (10)
 h - a wand of iceblast (13)
Scrolls
 b - 2 scrolls of identify
 p - a scroll of random uselessness
 r - 2 scrolls of amnesia
 y - 5 scrolls of remove curse
Potions
 i - a potion of flight {unknown}
 j - 5 potions of curing
 k - 3 potions of might
 l - 3 potions of stabbing
 m - a potion of cancellation
 x - 3 potions of heal wounds
Books
 C - a manual of Polearms
Comestibles
 f - 17 rations
 z - 9 chunks of flesh


   Skills:
 + Level 3.4 Fighting
   Level 2.0(3.7) Short Blades
 + Level 5.0(5.2) Long Blades
 + Level 3.4 Throwing
 + Level 4.8 Armour
 + Level 3.3 Dodging
 - Level 1.0 Stealth
 * Level 6.3 Invocations
 * Level 6.2 Evocations


You had 8 spell levels left.
You didn't know any spells.
Your spell library contained the following spells:

 Spells                   Type           Power        Failure   Level  Hunger
 Foxfire                  Conj/Fire      #...         52%         1    ##.....
 Shock                    Conj/Air       #...         52%         1    ##.....
 Conjure Flame            Conj/Fire      #.......     87%         3    ####...
 Bolt of Magma            Conj/Fire/Erth #.........   100%        5    ######.
 Orb of Destruction       Conj           #.........   100%        7    #######


Dungeon Overview and Level Annotations

Branches:
Dungeon (8/15)             Temple (0/1) D:6
   Lair: D:8-11

Altars:
Dithmenos
Okawaru
Sif Muna
Trog
Zin

Shops:
D:7 !


Innate Abilities, Weirdness & Mutations

You have sharp toenails.
You are partially covered in slimy green scales. (AC +2)
Your flesh is cold resistant. (rC+)
You are immune to rotting.
You can translocate small distances at will.
You are resistant to hostile enchantments. (MR+)


Message History

The datura-tipped dart hits the orc warrior!
The orc warrior flies into a frenzy!
The orc warrior is lightly wounded.
The orc warrior shouts!
The orc hits the orc priest with a +0 dagger!
The orc warrior shouts!
The orc hits the orc with a +0 dagger.
The orc priest begins to cast a cantrip, but forgets the words!
The orc hits the orc with a +0 short sword.
The orc warrior hits you with a +0 halberd!!
Items here: )) [ ÷÷ a +0 hand axe; a +0 leather armour; a +0 club; an orc skeleton x2
Okay, then.
You blink.
You feel slightly more hungry.
The orc hits the orc with a +0 dagger.
The orc priest barely misses the orc.
The orc warrior hits you but does no damage.
The orc barely misses the orc priest.
The orc hits the orc priest with a +0 dagger.
The orc warrior hits you with a +0 halberd!!
You die...

...................
............(....##.#..
.....##.###......##...
.........#........... #.
#................... ##..
##.............#...##.#...
...............#....#.....
...#........)).#..........
...........(o).o@.........
..........(oo(.(.o§.##..
.................)).#..
........................#
..................##......
...##...........#.# ......
.#........................
.#..#....................#
...##.#.................##


You could see an orc priest, 2 orcs, a neutral orc warrior (fast, strong,
insane, poisoned) and a neutral orc (fast, strong, insane).

Vanquished Creatures
  Pikel (D:8)
  A spriggan (D:7)
  3 sky beasts
  2 phantoms
  2 ice beasts
  2 ogres (D:5)
  A bullfrog (D:7)
  3 scorpions
  A crimson imp (D:7)
  A centaur zombie (D:8)
  A hound (D:6)
  3 jellies
  5 orc priests
  A gnoll shaman (D:7)
  5 orc wizards
  An iguana (D:5)
  3 worker ants
  A hound skeleton (D:4)
  2 gnolls (D:7)
  7 adders
  A shadow imp (D:7)
  An ooze (D:2)
  3 adder skeletons (D:4)
  5 worms
  2 dart slugs
  6 leopard geckos
  21 orcs
  4 giant cockroaches
  8 goblins
  13 hobgoblins
  6 jackals
  5 quokkas
  3 ball pythons
  9 bats
  6 frilled lizards
  A jackal skeleton (D:6)
  5 kobolds
  A quokka zombie (D:6)
  13 rats
159 creatures vanquished.

Vanquished Creatures (collateral kills)
  A hippogriff (D:8)
  4 slaves (D:8)
  A howler monkey (D:6)
  An orc priest (D:8)
  6 orc wizards
  2 gnolls (D:7)
  22 orcs
  A jackal (D:8)
  A leopard gecko skeleton (D:7)
39 creatures vanquished.

Vanquished Creatures (others)
  2 orc priests
  An orc wizard (D:4)
  A worker ant (D:7)
  A gnoll (D:7)
  A leopard gecko (D:1)
  3 orcs
9 creatures vanquished.

Grand Total: 207 creatures vanquished

Notes
Turn   | Place    | Note
-------+----------+-------------------------------------------
     0 | D:1      | Revguard the Demonspawn Artificer began the quest for the
                  | Orb.
     0 | D:1      | Reached XP level 1. HP: 15/15 MP: 3/3
   340 | D:1      | Gained mutation: Your flesh is cold resistant. (rC+)
                  | [demonic ancestry]
   340 | D:1      | Reached XP level 2. HP: 21/21 MP: 4/4
   843 | D:1      | Reached XP level 3. HP: 12/26 MP: 5/5
  1193 | D:1      | Reached skill level 1 in Stealth
  1723 | D:2      | Found a shadowy altar of Dithmenos.
  1851 | D:2      | Found a faded altar of an unknown god.
  1854 | D:2      | Became a worshipper of Warmaster Okawaru
  1854 | D:2      | Reached * piety under Okawaru
  2098 | D:2      | Reached skill level 1 in Short Blades
  2768 | D:3      | Reached XP level 4. HP: 32/32 MP: 6/6
  2920 | D:3      | Reached skill level 1 in Armour
  3154 | D:3      | Found a glowing silver altar of Zin.
  3185 | D:3      | Reached skill level 1 in Invocations
  3194 | D:3      | Found a bloodstained altar of Trog.
  3751 | D:3      | Reached XP level 5. HP: 23/38 MP: 8/8
  3880 | D:3      | Gained mutation: You evolve. [potion of mutation]
  3880 | D:3      | Gained mutation: You are resistant to hostile enchantments.
                  | (MR+) [potion of mutation]
  4552 | D:3      | Found a shimmering blue altar of Sif Muna.
  4879 | D:4      | Reached skill level 1 in Long Blades
  5124 | D:4      | Reached XP level 6. HP: 44/44 MP: 9/9
  5218 | D:4      | Gained mutation: Armour fits poorly on your strangely
                  | shaped body. [evolution]
  5218 | D:4      | Lost mutation: You evolve. [end of evolution]
  5501 | D:4      | Reached ** piety under Okawaru
  5501 | D:4      | Reached skill level 1 in Throwing
  6043 | D:4      | Was placed under penance by Okawaru
  6047 | D:4      | Gained mutation: You are immune to rotting. [demonic
                  | ancestry]
  6047 | D:4      | Reached XP level 7. HP: 16/50 MP: 10/10
  6381 | D:5      | Entered Level 5 of the Dungeon
  6416 | D:5      | Identified the Collected Works on Confrontation and Earth
  7039 | D:5      | Was forgiven by Okawaru
  7516 | D:5      | Reached skill level 5 in Evocations
  8445 | D:6      | Gained mutation: You are partially covered in slimy green
                  | scales. (AC +2) [demonic ancestry]
  8445 | D:6      | Reached XP level 8. HP: 26/57 MP: 11/11
  8965 | D:6      | Found a staircase to the Ecumenical Temple.
  9313 | D:7      | Reached skill level 5 in Invocations
  9663 | D:7      | Reached *** piety under Okawaru
  9689 | D:7      | Found Ymik's Distillery.
  9929 | D:7      | Bought a potion of curing for 42 gold pieces
  9929 | D:7      | Bought a potion of curing for 42 gold pieces
  9929 | D:7      | Bought a potion of mutation for 112 gold pieces
  9929 | D:7      | Bought a potion of heal wounds for 70 gold pieces
  9929 | D:7      | Bought a potion of heal wounds for 70 gold pieces
  9929 | D:7      | Bought a potion of heal wounds for 70 gold pieces
  9929 | D:7      | Lost mutation: You are resistant to hostile enchantments.
                  | (MR+) [potion of mutation]
  9929 | D:7      | Lost mutation: Armour fits poorly on your strangely shaped
                  | body. [potion of mutation]
  9929 | D:7      | Gained mutation: You can translocate small distances at
                  | will. [potion of mutation]
  9929 | D:7      | Gained mutation: You have sharp toenails. [potion of
                  | mutation]
  9929 | D:7      | Gained mutation: You are resistant to hostile enchantments.
                  | (MR+) [potion of mutation]
 10333 | D:8      | Mutation became permanent: You have sharp toenails.
                  | [demonic ancestry]
 10333 | D:8      | Gained mutation: You have sharp toenails. [demonic
                  | ancestry]
 10333 | D:8      | Reached XP level 9. HP: 55/64 MP: 13/13
 10449 | D:8      | Noticed Pikel
 10465 | D:8      | Killed Pikel
 10465 | D:8      | Reached **** piety under Okawaru
 10465 | D:8      | Reached skill level 5 in Long Blades
 10544 | D:8      | Slain by an orc warrior

Illustrated notes

Levels and vault maps discovered:
D:1:      ebering_trefoil_twist, layout_loops_ring, serial_rivers,
          chequers_serial_rivers_micro_a, chequers_serial_rivers_large_a,
          chequers_serial_rivers_micro_d, chequers_serial_rivers_large_b,
          minmay_rat_gold_closets
D:2:      layout_loops_ring, old_standard_altar, chequers_ecumenical_altar_grove
D:3:      corexii_shack_village, layout_loops_corners, old_standard_altar,
          lemuel_blue_sif_altar, minivault_25, trog_butcher_becter
D:4:      layout_gridville, minmay_manual_mail
D:5:      minmay_skewed_foursquare, layout_layer_cave, first_ration,
          corexii_item_surrounded_by_moat, chequers_serial_rivers_small_b
D:6:      layout_cave_pools, minmay_temple_entry_arrows
D:7:      layout_loops_cross, serial_shops, nicolae_shop_statue_plus, the_bakery
D:8:      layout_layer_cave, lemuel_doored_altar,
          lemuel_zombie_altar_yredelemnul, gammafunk_temple_overflow_arena,
          uniq_pikel

Skill      XL: |  1  2  3  4  5  6  7  8  9 |
---------------+----------------------------+-----
Dodging        | 2 3 |  3.3
Stealth        | 1 |  1.0
Short Blades   | 1 2 |  2.0
Armour         | 1 2 3 4 |  4.8
Invocations    | 1 2 3 4 5 6 |  6.3
Evocations     | 4 5 6 |  6.2
Fighting       | 2 3 |  3.4
Long Blades    | 1 2 3 4 5 |  5.0
Throwing       | 1 3 |  3.4

Action                   |  1- 3 |  4- 6 |  7- 9 || total
-------------------------+-------+-------+-------++-------
Melee: Short sword       |   172 |    64 |       ||   236
       Falchion          |       |   120 |       ||   120
       Long sword        |       |    78 |   198 ||   276
       Punch             |       |       |     1 ||     1
Throw: Dart              |     7 |    40 |    75 ||   122
       Boomerang         |       |       |     1 ||     1
Invok: Heroism           |       |       |     5 ||     5
 Abil: Blink             |       |       |     1 ||     1
Evoke: Wand              |     1 |     6 |    15 ||    22
  Use: Potion            |       |     5 |     8 ||    13
       Scroll            |       |     3 |     9 ||    12
 Stab: Sleeping          |     1 |       |       ||     1
       Confused          |       |       |     1 ||     1
  Eat: Chunk             |     6 |    11 |    14 ||    31
Armor: Leather armour    |    35 |       |       ||    35
       Ring mail         |    22 |   123 |    95 ||   240
Dodge: Dodged            |   122 |   204 |   168 ||   494
       Rpst.: Falchion   |       |    38 |       ||    38
       Long sword        |       |    15 |    54 ||    69
